 Dungeon Crawl Stone Soup version 0.24-a0-584-g9d6b971ae4 (webtiles) character file.

Game seed: 12203724207596483965, levelgen mode: deterministic

5028 Eightlegvermin the Transmogrifier (level 10, -6/85 HPs)
             Began as an Octopode Transmuter on Aug 31, 2019.
             Was an Initiate of Gozag.
             Mangled by a yak (17 damage)
             ... on level 9 of the Dungeon.
             The game lasted 00:46:36 (11393 turns).

Eightlegvermin the Transmogrifier (OpTm)           Turns: 11393, Time: 00:46:36

Health: -6/85      AC:  6    Str: 10    XL:     10   Next: 55%
Magic:  21/22      EV: 14    Int: 17    God:    Gozag
Gold:   1290       SH:  3    Dex: 16    Spells: 3/14 levels left

rFire    x . .     SeeInvis .     - Unarmed
rCold    + + +     Gourm    .   (shield currently unavailable)
rNeg     . . .     Faith    .   (helmet currently unavailable)
rPois    +         Spirit   .   g - +3 amulet of reflection
rElec    +         Reflect  +   d - ring of magical power
rCorr    .         Harm     .   t - ring of protection from cold
MR       .....                  B - ring of Puozirrui {+Fly rElec Int+2 Stlth+}
Stlth    +++.......             (no ring)
HPRegen  0.24/turn              (no ring)
MPRegen  0.18/turn              (no ring)
                                (no ring)
                                (no ring)

@: ice-form, gold aura
A: large, almost no armour, stealthy swim, amphibious, 8 rings, (constrict 8)
a: End Transformation, Potion Petition, Call Merchant, Bribe Branch, Renounce
Religion, Evoke Flight


You were on level 9 of the Dungeon.
You worshipped Gozag.
Gozag was most pleased with you.
You were near starving.
You were a creature of crystalline ice.
You visited 2 branches of the dungeon, and saw 10 of its levels.

You collected 1543 gold pieces.
You spent 199 gold pieces at shops.
You paid 54 gold pieces to Gozag.

Inventory:

Hand Weapons
 o - a +2 dagger of venom
Missiles
 a - 110 arrows
 v - 29 poisoned darts (quivered)
Jewellery
 d - a ring of magical power (left front paw)
 g - a +3 amulet of reflection (around neck)
 t - a ring of protection from cold (right front paw)
 B - the ring of Puozirrui (on tentacle) {+Fly rElec Int+2 Stlth+}
   (You acquired it on level 8 of the Dungeon)

   [ring of flight]

   It affects your intelligence (+2).
   It insulates you from electricity.
   It lets you fly.
   It makes you more stealthy.
Wands
 b - a wand of clouds (2)
 f - a wand of flame (27)
 r - a wand of paralysis (6)
 s - a wand of scattershot (4)
Scrolls
 h - 4 scrolls of remove curse
 k - a scroll of enchant armour
 m - 2 scrolls of fog
 p - a scroll of teleportation
 y - 2 scrolls of identify
Potions
 e - a potion of brilliance
 i - 2 potions of ambrosia
 j - a potion of magic
 l - a potion of degeneration {unknown}
 n - a potion of flight {unknown}
 q - a potion of invisibility {unknown}
 u - 2 potions of lignification
 w - 2 potions of cancellation
 A - a potion of haste
Comestibles
 c - 6 rations


   Skills:
 + Level 7.0 Fighting
 + Level 7.3 Dodging
 - Level 3.0 Stealth
 - Level 6.0 Unarmed Combat
 + Level 2.5 Spellcasting
 - Level 2.2 Hexes
 * Level 9.0 Transmutations
 - Level 3.0 Ice Magic
 - Level 2.3 Poison Magic


You had 3 spell levels left.
You knew the following spells:

 Your Spells              Type           Power        Failure   Level  Hunger
a - Beastly Appendage     Tmut           ####..       1%          1    #......
b - Sticks to Snakes      Tmut           ####....     1%          2    ##.....
c - Spider Form           Tmut/Pois      ###.......   5%          3    ###....
d - Ice Form              Ice/Tmut       ###.....     16%         4    #####..
z - Confusing Touch       Hex            #.....       7%          1    #......

Your spell library contained the following spells:

 Spells                   Type           Power        Failure   Level  Hunger
 Animate Skeleton         Necr           N/A          19%         1    #......
 Apportation              Tloc           #.....       19%         1    #......
 Magic Dart               Conj           #...         19%         1    #......
 Summon Small Mammal      Summ           #...         19%         1    #......
 Searing Ray              Conj           #.....       28%         2    ##.....
 Dazzling Spray           Conj/Hex       #.....       34%         3    ###....
 Blade Hands              Tmut           ####......   12%         5    ######.
 Fulminant Prism          Conj/Hex       #.........   75%         4    #####..
 Force Lance              Conj/Tloc      #.......     88%         4    #####..
 Iskenderun's Mystic Bla  Conj           #.......     88%         4    #####..


Dungeon Overview and Level Annotations

Branches:
Dungeon (9/15)             Temple (1/1) D:4            Lair (0/6) D:8
    Orc (0/2) D:9

Altars:
Ashenzari
Cheibriados
Dithmenos
Elyvilon
Fedhas
Gozag
Qazlal
Sif Muna
Trog
Uskayaw
Wu Jian
Xom
Yredelemnul
The Shining One

Shops:
D:5 (*:}(   D:8 *   D:9 (

Annotations:
D:1 exclusion: downstairs


Innate Abilities, Weirdness & Mutations

You cannot wear most types of armour.
You are very stealthy in the water. (Stealth+)
You are amphibious.
You can wear up to eight rings at the same time.
((You can use your tentacles to constrict eight enemies at once.))
((Your skin changes colour to match your surroundings (Stealth+).))
((Your rubbery body absorbs attacks. (AC +1, EV +1)))


Message History

* * * LOW HITPOINT WARNING * * *
You hit the yak but do no damage.
The yak is severely wounded.
The yak misses you.
You hit the yak but do no damage.
The yak is severely wounded.
The yak becomes distracted by the nearby gold, dreaming of imaginary riches.
The yak gores you!
* * * LOW HITPOINT WARNING * * *
The yak is no longer distracted by gold.
You hit the yak. You freeze the yak.
The yak is almost dead.
The yak closely misses you.
You hit the yak but do no damage.
The yak is almost dead.
You hit the yak but do no damage.
The yak is almost dead.
The yak gores you!
You die...
Your body crumbles into a pile of gold.

#.####..# #+# #.......# ..
#..$....# #. #.....$.# #.#
#...∩.... #.. #.Y......
#.## #...>....
######..##########.....$..
..<......YY.Y..))$).......
#######.##########.......#
#.# #........ #.##
#........ #..# #.#.#####
##.# #...# #.# ##.## #.#
#.# #.# #.#


You could see 2 yaks.

Vanquished Creatures
  A two-headed ogre (D:8)
  2 hippogriffs
  A wyvern (D:7)
  A yak (D:9)
  A hungry ghost (D:7)
  3 wargs (D:8)
  A water moccasin (D:6)
  2 sky beasts
  3 orc warriors
  An eye of draining (D:6)
  2 ice beasts
  A phantom (D:6)
  A black bear (D:9)
  2 centaurs
  A big kobold (D:7)
  A bullfrog (D:9)
  A gnoll sergeant (D:5)
  3 wights (D:6)
  2 howler monkeys
  5 crimson imps
  2 quasits
  7 orc priests
  3 centaur skeletons (D:7)
  A bullfrog skeleton (D:5)
  4 hounds
  A jelly (D:5)
  10 orc wizards
  Jessica (D:2)
  An iguana (D:8)
  10 worker ants
  A hound zombie (D:6)
  A hound skeleton (D:5)
  A howler monkey zombie (D:4)
  A howler monkey skeleton (D:4)
  A worker ant zombie (D:8)
  6 gnolls
  6 adders
  3 shadow imps
  3 oozes
  2 adder skeletons
  A worm (D:4)
  4 dart slugs
  4 leopard geckos
  46 orcs
  6 giant cockroaches
  9 hobgoblins
  24 jackals
  3 quokkas
  4 bats
  5 frilled lizards
  5 goblins
  A jackal skeleton (D:4)
  20 kobolds
  3 rats
  A spectral orc (D:7)
236 creatures vanquished.

Vanquished Creatures (collateral kills)
  A necrophage (D:5)
  An orc (D:5)
2 creatures vanquished.

Vanquished Creatures (others)
  A bat (D:2)
1 creature vanquished.

Grand Total: 239 creatures vanquished

Notes
Turn   | Place    | Note
-------+----------+-------------------------------------------
     0 | D:1      | Eightlegvermin the Octopode Transmuter began the quest for
                  | the Orb.
     0 | D:1      | Reached XP level 1. HP: 13/13 MP: 3/3
   155 | D:1      | Reached XP level 2. HP: 18/18 MP: 3/5
   499 | D:1      | Reached XP level 3. HP: 12/23 MP: 4/6
   763 | D:1      | You fall into a shaft and drop 1 floor!
  1031 | D:2      | Noticed Jessica
  1086 | D:1      | Learned a level 2 spell: Sticks to Snakes
  1155 | D:1      | Learned a level 3 spell: Spider Form
  1532 | D:2      | Reached skill level 1 in Stealth
  1561 | D:2      | Killed Jessica
  1561 | D:2      | Reached XP level 4. HP: 21/28 MP: 7/7
  1562 | D:2      | Reached skill level 1 in Poison Magic
  1749 | D:2      | Found a white marble altar of Elyvilon.
  1781 | D:2      | Reached XP level 5. HP: 21/33 MP: 8/8
  2811 | D:3      | Found an ornate altar of the Wu Jian Council.
  3048 | D:4      | Reached skill level 5 in Unarmed Combat
  3085 | D:4      | Reached XP level 6. HP: 32/38 MP: 9/9
  3139 | D:4      | Reached skill level 3 in Transmutations
  3398 | D:4      | Found a hide-covered altar of Uskayaw.
  3504 | D:4      | Found a shimmering blue altar of Sif Muna.
  3622 | D:4      | Found a staircase to the Ecumenical Temple.
  3631 | Temple   | Entered the Ecumenical Temple
  3641 | Temple   | Became a worshipper of Gozag Ym Sagoz the Greedy
  4293 | D:4      | Reached XP level 7. HP: 43/43 MP: 10/10
  4430 | D:5      | Entered Level 5 of the Dungeon
  4697 | D:5      | Reached skill level 4 in Transmutations
  5078 | D:5      | Found Xoositu's Gadget Boutique.
  5081 | D:5      | Bought a wand of paralysis (6) for 96 gold pieces
  5091 | D:5      | Found Icwi's Book Shop.
  5234 | D:5      | Found Vegohas's Antique Weapon Shoppe.
  5301 | D:5      | Reached XP level 8. HP: 38/52 MP: 11/11
  5302 | D:5      | Found Gueq's General Store.
  5392 | D:5      | Bought a ration for 55 gold pieces
  5398 | D:5      | Found a stormy altar of Qazlal.
  5607 | D:5      | Found a blossoming altar of Fedhas.
  5655 | D:5      | Found Zuowye's Weapon Boutique.
  5958 | D:6      | Reached skill level 5 in Transmutations
  7095 | D:5      | Learned a level 1 spell: Animate Skeleton
  7492 | D:6      | Reached skill level 5 in Dodging
  7754 | D:6      | Reached skill level 5 in Fighting
  7754 | D:6      | Reached skill level 6 in Transmutations
  7754 | D:6      | Reached XP level 9. HP: 61/61 MP: 3/12
  8310 | D:6      | Learned a level 4 spell: Ice Form
  8490 | D:7      | Reached skill level 1 in Ice Magic
  8744 | D:7      | Reached skill level 7 in Transmutations
  9367 | D:7      | Found a basalt altar of Yredelemnul.
  9681 | D:8      | Found a shattered altar of Ashenzari.
  9713 | D:8      | Identified a scroll of acquirement
  9716 | D:8      | Got a steaming iron ring
  9717 | D:8      | Identified the ring of Puozirrui {+Fly rElec Int+2 Stlth+}
                  | (You acquired it on level 8 of the Dungeon)
  9760 | D:8      | Reached XP level 10. HP: 68/68 MP: 13/13
  9803 | D:8      | Learned a level 1 spell: Confusing Touch
  9895 | D:8      | Reached skill level 8 in Transmutations
 10399 | D:8      | Reached skill level 1 in Hexes
 10734 | D:8      | Found a staircase to the Lair.
 10864 | D:8      | Noticed a two-headed ogre
 10887 | D:8      | Killed a two-headed ogre
 11076 | D:8      | Found Oresin's Assorted Antiques.
 11082 | D:8      | Bought a scroll of identify for 48 gold pieces
 11114 | D:8      | Found a glowing golden altar of the Shining One.
 11307 | D:9      | Found a staircase to the Orcish Mines.
 11324 | D:9      | Found Hisawn's Weapon Shoppe.
 11374 | D:9      | Reached skill level 9 in Transmutations
 11393 | D:9      | Mangled by a yak

Levels and vault maps discovered:
D:1:      dpeg_arrival_central, layout_basic
D:2:      layout_basic, elyvilon_altar_4, first_ration, uniq_jessica
D:3:      layout_basic, marbit_many_paths, kennysheep_generic_room_11
D:4:      layout_basic, eat_drink_and_be_merry_uskayaw, lemuel_doored_altar,
          temple_doors_e
D:5:      layout_basic, old_standard_altar, nicolae_qazlal_general_emergency,
          serial_shops, shop, shop, nicolae_shop_crystal, shop_fountains,
          nicolae_shop_behind_doors
D:6:      layout_cave_pools, dk_noncrumbling_4
D:7:      layout_loops_cross, yredelemnul_forgotten_temple_becter
D:8:      layout_loops_corners, kennysheep_little_box,
          lemuel_coloured_pillars_altar, erik_lair_orcish_takeover,
          serial_shops, nicolae_shop_crystal
D:9:      layout_roguey, orc_david_3, serial_shops, nicolae_shop_stone,
          grunt_ogre_cave
Temple:   nicolae_temple_god_jail

Skill      XL: |  1  2  3  4  5  6  7  8  9 10 |
---------------+-------------------------------+-----
Unarmed Combat | 4 5 6 |  6.0
Stealth        | 1 3 |  3.0
Poison Magic   | 1 2 |  2.3
Transmutations | 3 4 6 7 9 |  9.0
Fighting       | 3 5 6 7 |  7.0
Dodging        | 3 5 6 7 |  7.3
Ice Magic      | 2 3 |  3.0
Hexes          | 2 |  2.2
Spellcasting   | |  2.5

Action                   |  1- 3 |  4- 6 |  7- 9 | 10-12 || total
-------------------------+-------+-------+-------+-------++-------
Melee: Unarmed           |    87 |   144 |   338 |   165 ||   734
       Constrict         |    21 |    43 |    42 |    30 ||   136
       Tentacles         |     9 |    28 |    22 |    15 ||    74
       Kick              |     7 |    32 |    47 |    22 ||   108
       Punch             |       |     2 |    11 |     6 ||    19
Throw: Dart              |       |       |     3 |       ||     3
 Cast: Beastly Appendage |     8 |    24 |    31 |     8 ||    71
       Spider Form       |     1 |     1 |    24 |     2 ||    28
       Sticks to Snakes  |       |       |    14 |       ||    14
       Confusing Touch   |       |       |       |    15 ||    15
       Ice Form          |       |       |       |     3 ||     3
  Use: Scroll            |     6 |     6 |     4 |     5 ||    21
       Potion            |       |       |     2 |     2 ||     4
 Stab: Sleeping          |     2 |     7 |    10 |     1 ||    20
       Distracted        |       |       |     5 |       ||     5
       Confused          |       |       |       |    12 ||    12
  Eat: Chunk             |     2 |     7 |       |       ||     9
       Ration            |       |     1 |     7 |     1 ||     9
Armor: Skin              |     9 |    14 |    12 |     5 ||    40
Dodge: Dodged            |    64 |   106 |   246 |    81 ||   497
Block: Other             |       |     3 |    41 |    20 ||    64

Table legend:
 A = Non-vault XP
 B = Vault XP
 C = Vault XP percentage of total XP
 D = Non-vault monster count
 E = Vault monster count
 F = Vault count percentage of total count
                 A         B        C        D         E       F
            +---------+---------+-------+---------+---------+-------
      Total |    6418 |     766 |  10.7 |     218 |      20 |   8.4
            +---------+---------+-------+---------+---------+-------
        D:1 |      44 |       0 |   0.0 |      23 |       0 |   0.0
        D:2 |     121 |      37 |  23.4 |      19 |       1 |   5.0
        D:3 |      53 |       1 |   1.9 |      27 |       1 |   3.6
        D:4 |     521 |       0 |   0.0 |      25 |       0 |   0.0
        D:5 |    1159 |       0 |   0.0 |      36 |       0 |   0.0
        D:6 |    1085 |       0 |   0.0 |      22 |       0 |   0.0
        D:7 |    1481 |       1 |   0.1 |      31 |       1 |   3.1
        D:8 |    1488 |     706 |  32.2 |      28 |      10 |  26.3
        D:9 |     466 |      21 |   4.3 |       7 |       7 |  50.0
            +---------+---------+-------+---------+---------+-------
